Map: Capullo de rosa EE

Players

TATORREA

  • Race: Protoss Protoss
  • League: Silver
  • Spawn Location: 5:00

tigro

  • Race: Terran Terran
  • League: Bronze
  • Spawn Location: 5:00

MrFercho

  • Race: Zerg Zerg
  • League: Silver
  • Spawn Location: 5:00

TioRotti

  • Race: Zerg Zerg
  • Spawn Location: 11:00

Negrito

  • Race: Protoss Protoss
  • Spawn Location: 11:00

trapitoriko

  • Race: Terran Terran
  • League: Gold
  • Spawn Location: 11:00

VOD

Have the link to the VOD?

Description

Time

  • Played on: June 3, 2020, 11:09 p.m.
  • Length: 23:37
Show
View Real Time Build Order
Export as new Build Order

TATORREA Protoss 

Build Orders:  

Get SALT Encoding   

  12  0:01  Probe  
  13  0:25  Probe  
  14  0:30  Pylon  
  14  0:38  Probe  
  15  0:52  Forge  
  15  0:56  Gateway  
  15  1:15  Pylon  
  14  1:43  Probe  
  15  1:55  Probe  
  16  2:07  Probe  
  17  2:18  Cybernetics Core  
  17  2:24  Pylon  
  17  2:31  Pylon  
  17  2:54  Photon Cannon  
  17  2:56  Photon Cannon  
  17  2:58  Photon Cannon  
  17  3:01  Pylon  
  17  3:06  Pylon  
  17  3:17  Probe  
  17  3:18  Pylon  
  18  3:33  Photon Cannon  
  18  3:35  Photon Cannon  
  18  3:51  Probe  
  19  3:56  Pylon  
  19  4:11  Pylon  
  19  4:21  Probe  
  19  4:22  Photon Cannon  
  20  4:24  Photon Cannon  
  20  4:26  Photon Cannon  
  20  4:28  Photon Cannon  
  20  4:37  Assimilator  
  20  4:50  Assimilator, Probe  
  21  5:02  Probe  
  22  5:09  Nexus  
  22  5:14  Probe  
  23  5:24  Photon Cannon  
  23  5:26  Photon Cannon, Probe  
  23  5:28  Pylon  
  24  5:37  Warp Gate (Chrono Boost)  
  24  5:38  Gateway  
  24  5:43  Protoss Ground Weapons Level 1  
  24  6:02  Gateway  
  24  6:07  Photon Cannon  
  24  6:09  Photon Cannon  
  24  6:21  Probe  
  25  6:42  Pylon  
  25  6:57  Gateway  
  25  6:59  Probe x2  
  27  7:11  Probe x2  
  27  7:13  Twilight Council  
  29  7:21  Gateway  
  29  7:23  Probe x2  
  29  7:25  Stalker  
  29  7:26  Stalker  
  35  7:35  Probe x2  
  37  7:41  Stalker  
  39  7:47  Probe x2  
  41  8:05  Photon Cannon  
  35  8:07  Photon Cannon  
  35  8:15  Shield Battery  
  34  8:22  Zealot  
  34  8:23  Zealot x2  
  34  8:24  Zealot  
  34  8:41  Probe x2  
  34  8:45  Charge (Chrono Boost)  
  34  8:48  Assimilator  
  36  8:50  Assimilator  
  36  8:55  Pylon  
  36  8:56  Protoss Ground Weapons Level 2  
  36  8:58  Pylon  
  36  9:01  Pylon  
  36  9:06  Gateway  
  36  9:09  Gateway  
  36  9:11  Gateway  
  36  9:21  Probe x2  
  38  9:33  Probe x2  
  40  9:53  Probe x2  
  42  10:01  Nexus  
  42  10:05  Probe x2  
  44  10:09  Stalker x2  
  44  10:10  Stalker  
  44  10:11  Stalker  
  52  10:20  Robotics Facility  
  52  10:22  Robotics Facility  
  52  10:25  Stargate  
  52  10:32  Probe x2  
  54  10:44  Probe x2  
  54  10:48  Gateway  
  56  10:50  Gateway  
  55  11:10  Stalker x3  
  55  11:11  Stalker  
  62  11:18  Immortal  
  66  11:29  Immortal  
  70  11:34  Zealot  
  70  11:35  Zealot  
  70  11:38  Zealot  
  76  11:42  Zealot  
  78  11:48  Protoss Ground Weapons Level 3 (Chrono Boost)  
  78  12:01  Immortal  
  82  12:05  Zealot  
  82  12:06  Zealot  
  86  12:34  Nexus  
  86  13:05  Assimilator, Pylon  
  86  13:06  Assimilator  
  86  13:09  Pylon  
  86  13:12  Pylon  
  86  13:45  Void Ray, Immortal x2  
  86  13:48  Pylon  
  98  13:51  Pylon  
  98  13:54  Pylon  
  98  13:59  Pylon  
  98  14:09  Probe x3  
  101  14:21  Probe x2  
  101  14:22  Probe  
  104  14:26  Zealot x4  
  104  14:27  Zealot  
  104  14:28  Zealot  
  116  14:33  Probe x2  
  116  14:34  Probe  
  116  14:37  Void Ray  
  123  14:45  Protoss Air Weapons Level 1, Probe  
  76  15:31  Zealot x2  
  76  15:32  Zealot x3  
  76  15:33  Zealot  
  80  15:35  Immortal  
  80  15:36  Immortal  
  80  15:39  Void Ray  
  88  16:00  Gateway  
  88  16:03  Gateway  
  88  16:13  Gateway  
  88  16:16  Pylon  
  88  16:20  Pylon  
  88  16:23  Pylon  
  88  16:25  Void Ray  
  92  16:26  Pylon  
  92  16:28  Immortal  
  96  16:34  Immortal  
  100  16:42  Pylon  
  100  16:53  Protoss Air Armor Level 1  
  100  16:57  Stalker x2  
  100  16:58  Stalker x2  
  100  16:59  Stalker  
  110  17:03  Stalker  
  110  17:04  Nexus  
  102  17:52  Pylon  
  102  17:54  Pylon  
  102  17:59  Immortal  
  102  18:00  Gateway  
  106  18:46  Stalker x3  
  106  18:47  Stalker x3  
  106  18:48  Stalker x2  
  122  19:00  Gateway  
  122  19:06  Pylon  
  122  19:07  Pylon  
  122  19:10  Void Ray, Pylon  
  122  19:13  Assimilator  
  122  19:14  Assimilator  
  126  19:23  Pylon  
  126  19:30  Immortal  
  130  19:32  Immortal  
  130  19:34  Zealot  
  130  19:35  Zealot x2  
  130  19:36  Zealot x2  
  130  19:37  Zealot x3  
  130  19:38  Zealot  
  148  19:53  Void Ray  
  148  19:57  Zealot x2  
  148  19:58  Zealot x3  
  148  19:59  Zealot x2  
  68  20:37  Zealot x4  
  68  20:38  Zealot x4  
  68  20:56  Pylon  
  52  21:17  Stalker x3  
  52  21:18  Stalker x3  
  62  21:19  Stalker x2  
Show
View Real Time Build Order
Export as new Build Order

tigro Terran 

Build Orders:  

Get SALT Encoding   

  12  0:04  SCV  
  13  0:16  SCV  
  14  0:22  Supply Depot  
  14  0:28  SCV  
  15  0:37  Refinery  
  15  0:43  SCV  
  16  0:54  Barracks  
  16  0:57  SCV  
  17  1:09  SCV, Refinery  
  18  1:16  Supply Depot  
  18  1:33  SCV  
  19  1:44  Marine  
  19  1:45  SCV  
  21  1:57  SCV  
  22  2:02  Marine  
  22  2:04  Barracks  
  23  2:13  SCV  
  24  2:20  Marine  
  25  2:24  Engineering Bay  
  25  2:25  SCV  
  26  2:37  Marine, SCV  
  28  2:55  Marine  
  29  3:01  Barracks Tech Lab  
  29  3:03  Orbital Command  
  29  3:06  Terran Infantry Weapons Level 1  
  29  3:33  Barracks Tech Lab  
  29  3:39  Command Center  
  29  3:40  Marine  
  30  3:52  Combat Shield  
  30  3:55  Stimpack  
  30  3:58  Marine  
  31  4:07  Marine  
  32  4:16  Marine  
  33  4:21  Factory  
  33  4:33  Marine  
  34  4:44  Marine  
  35  4:51  Marine  
  36  5:00  Terran Infantry Armor Level 1  
  36  5:01  Marine  
  36  5:02  SCV  
  36  5:06  Factory Tech Lab  
  38  5:09  Marine  
  38  5:11  Concussive Shells  
  39  5:14  SCV  
  39  5:19  Marine  
  41  5:25  Starport  
  41  5:26  SCV, Siege Tank  
  45  5:32  Refinery  
  45  5:38  SCV  
  46  5:50  SCV  
  47  5:58  Siege Tank  
  47  6:02  Refinery  
  47  6:03  Planetary Fortress  
  50  6:28  Medivac  
  52  6:36  Armory  
  52  6:54  Neosteel Armor  
  49  7:29  Marine x2  
  47  7:47  Marine x2  
  35  8:02  Medivac  
  35  8:05  Marine x2  
  39  8:08  Siege Tank  
  42  8:16  Fusion Core  
  42  8:22  Marine  
  42  8:23  Marine  
  42  8:24  SCV  
  45  8:34  Hi-Sec Auto Tracking  
  45  8:36  SCV  
  45  8:40  Marine, Siege Tank  
  45  8:41  Marine  
  51  8:48  SCV  
  52  8:57  Starport Tech Lab  
  52  8:58  Marine x2  
  52  9:00  SCV, Terran Vehicle Weapons Level 1  
  55  9:12  SCV  
  55  9:16  Marine x2  
  58  9:22  Missile Turret  
  58  9:31  Terran Infantry Weapons Level 2  
  58  9:36  Marine  
  58  9:37  Marine  
  60  9:42  Missile Turret  
  60  9:54  Marine x2  
  59  10:02  Missile Turret  
  53  10:12  Marine x2  
  40  10:24  Missile Turret  
  40  10:30  Marine x2  
  38  10:45  Medivac  
  38  10:48  Marine x2  
  42  10:51  Missile Turret  
  42  10:54  Terran Vehicle And Ship Armor Level 1  
  38  11:05  Marine  
  35  11:13  Missile Turret  
  35  11:15  Medivac  
  30  11:23  Marine  
  26  11:34  Missile Turret  
  21  11:41  Marine  
  21  11:46  Battlecruiser, Terran Infantry Armor Level 2  
  27  12:08  Missile Turret  
  27  12:26  Command Center  
  27  12:29  Missile Turret  
  27  12:40  Marine x2  
  29  12:48  Terran Ship Weapons Level 1  
  29  12:50  Battlecruiser  
  35  12:53  Missile Turret  
  35  12:58  Marine x2  
  37  13:16  Marine x2  
  39  13:34  Marine x2  
  39  13:39  SCV  
  39  13:40  Refinery  
  42  13:51  SCV  
  42  13:52  Marine x2  
  42  13:54  Banshee  
  48  14:03  Terran Infantry Weapons Level 3, SCV  
  48  14:09  Marine x2  
  49  14:15  SCV  
  52  14:22  Smart Servos  
  52  14:37  Banshee  
  55  15:02  Planetary Fortress  
  55  15:41  Drilling Claws  
  55  15:51  Marine x2  
  57  16:08  Marine  
  57  16:09  Marine  
  59  16:26  Marine x2  
  61  16:34  Supply Depot  
  61  16:40  Terran Infantry Armor Level 3  
  61  16:44  Marine  
  62  17:00  Mag-Field Accelerator  
  31  18:08  Medivac  
  33  18:13  Marine x2  
  35  18:31  Marine x2  
  37  18:39  Infernal Pre-Igniter, Battlecruiser  
  43  18:49  Marine x2  
  45  19:06  Marine  
  45  19:07  Marine  
  47  19:16  Siege Tank  
  50  19:24  Marine  
  51  19:33  Weapon Refit  
  51  19:43  Battlecruiser  
  51  19:45  Marine x2  
  59  20:03  Marine x2  
  61  20:20  Marine x2  
  63  20:26  Thor  
  69  20:30  Terran Vehicle Weapons Level 2  
  69  20:38  Marine  
  66  20:47  Battlecruiser  
  56  20:54  Marine  
  56  20:56  Marine  
  39  21:12  Marine  
  39  21:14  Marine  
  34  21:29  Marine  
  34  21:32  Marine  
  30  21:35  Siege Tank  
  31  21:47  Marine  
  31  21:49  Marine  
  22  22:05  Marine  
  6  22:24  Orbital Command  
    22:54  SCV  
  1  23:06  SCV  
  2  23:18  Supply Depot, SCV  
  3  23:25  Refinery  
Show
View Real Time Build Order
Export as new Build Order

MrFercho Zerg 

Build Orders: Pool First, Muta Ling Bane 

Get SALT Encoding   

  12  0:01  Drone  
  13  0:10  Drone  
  14  0:30  Spawning Pool  
  14  0:33  Drone  
  14  0:41  Overlord  
  14  1:06  Drone x2  
  16  1:12  Extractor  
  15  1:27  Drone  
  15  1:28  Drone  
  17  1:32  Hatchery  
  17  1:37  Drone  
  17  1:47  Drone  
  18  2:01  Drone  
  18  2:02  Drone  
  18  2:06  Extractor  
  18  2:08  Queen  
  21  2:21  Zergling x2  
  22  2:27  Overlord  
  22  2:45  Drone  
  22  2:46  Queen  
  25  3:01  Drone  
  25  3:05  Lair  
  26  3:13  Drone x3  
  29  3:35  Drone x3  
  32  3:41  Metabolic Boost  
  32  3:47  Zergling x4  
  32  3:48  Zergling x4  
  36  4:13  Hydralisk Den  
  35  4:18  Drone  
  35  4:19  Overlord  
  35  4:20  Overlord  
  35  4:21  Overlord x2  
  36  4:35  Extractor  
  34  4:40  Drone x4  
  34  4:41  Drone  
  39  5:08  Drone x3  
  39  5:10  Drone x3  
  39  5:11  Hatchery  
  44  5:20  Evolution Chamber  
  43  5:27  Baneling Nest  
  42  5:32  Drone  
  43  5:40  Grooved Spines  
  43  5:45  Drone x3  
  46  6:29  Zerg Ground Armor Level 1, Centrifical Hooks, Spire  
  45  6:34  Zergling x2  
  45  6:35  Zergling x10  
  51  6:52  Muscular Augments  
  47  7:13  Baneling  
  47  7:14  Baneling x10  
  47  7:27  Queen  
  47  7:38  Hatchery  
  42  7:47  Extractor  
  42  7:48  Drone x3  
  44  7:55  Zerg Flyer Armor Level 1  
  44  8:19  Drone x2  
  46  8:23  Zerg Melee Weapons Level 1  
  46  8:32  Mutalisk x6  
  57  8:53  Nydus Network  
  57  8:54  Queen  
  58  9:08  Hatchery  
  57  9:11  Hatchery  
  56  9:28  Hatchery  
  55  10:02  Mutalisk x9  
  71  10:34  Mutalisk  
  71  10:35  Mutalisk x3  
  73  10:46  Drone x3  
  72  10:50  Drone x3  
  75  11:02  Mutalisk  
  75  11:03  Mutalisk x2  
  81  11:15  Drone x2  
  81  11:18  Extractor  
  82  11:22  Extractor  
  81  11:48  Mutalisk x5  
  91  11:56  Overlord x4  
  91  12:08  Drone x3  
  94  12:12  Drone x3  
  97  12:25  Drone x3  
  97  12:29  Extractor  
  99  12:32  Extractor  
  98  12:37  Zerg Flyer Weapons Level 1  
  98  12:40  Extractor  
  97  12:48  Extractor  
  97  12:50  Infestation Pit  
  95  12:56  Spire  
  94  13:01  Pneumatized Carapace  
  94  13:04  Burrow  
  74  13:48  Mutalisk  
  74  13:49  Mutalisk x8  
  82  14:21  Mutalisk x6  
  94  14:30  Drone x4  
  98  14:35  Drone x3  
  101  14:39  Drone x3  
  90  15:31  Mutalisk x3  
  90  15:32  Mutalisk x13  
  122  16:07  Drone x4  
  122  16:22  Drone  
  123  16:26  Overlord x6  
  123  16:27  Overlord x3  
  123  16:30  Hatchery  
  123  16:31  Drone  
  115  16:52  Zerg Flyer Weapons Level 2, Zerg Flyer Armor Level 2  
  82  17:43  Mutalisk  
  84  17:44  Mutalisk x8  
  74  18:23  Drone x3  
  77  18:38  Hatchery, Mutalisk  
  77  18:39  Mutalisk x8  
  94  18:49  Hive  
  94  18:58  Hatchery  
  93  19:05  Queen  
  93  19:06  Drone x3  
  48  19:48  Hydralisk x6  
  48  19:49  Hydralisk x5  
  60  20:00  Drone x3  
  63  20:11  Hydralisk  
  65  20:20  Zerg Missile Weapons Level 1  
  43  21:20  Hydralisk  
  43  21:21  Hydralisk x10  
  65  21:34  Greater Spire  
  65  21:47  Corruptor x2  
  65  21:48  Corruptor x5  
  79  22:04  Drone x3  
  82  22:16  Corruptor x3  
  82  22:17  Corruptor  
  90  22:48  Brood Lord x6  
  102  23:03  Brood Lord x2  
Show
View Real Time Build Order
Export as new Build Order

TioRotti Zerg 

Build Orders: Pool First 

Get SALT Encoding   

  12  0:01  Drone  
  13  0:12  Overlord  
  13  0:18  Drone  
  14  0:31  Drone x2  
  16  0:38  Drone  
  17  0:46  Drone  
  18  0:52  Spawning Pool  
  18  0:56  Drone  
  18  1:00  Extractor  
  17  1:07  Drone  
  18  1:18  Drone  
  19  1:45  Zergling x4  
  21  1:50  Drone  
  22  1:55  Hatchery  
  21  2:01  Overlord  
  21  2:19  Queen  
  23  2:23  Drone x2  
  25  2:41  Extractor  
  24  2:55  Overlord x2  
  24  3:00  Metabolic Boost  
  24  3:02  Lair  
  24  3:08  Drone  
  24  3:10  Drone x2  
  27  3:16  Queen  
  27  3:18  Drone  
  30  3:21  Drone  
  29  3:48  Drone  
  29  3:49  Drone x2  
  29  3:52  Drone x3  
  35  4:04  Roach Warren  
  35  4:05  Evolution Chamber  
  35  4:06  Drone  
  35  4:09  Drone  
  35  4:20  Drone  
  35  4:22  Drone  
  37  4:30  Drone x4  
  41  4:45  Roach  
  43  4:46  Overlord x2  
  43  4:47  Overlord  
  43  5:02  Drone  
  43  5:05  Extractor  
  43  5:06  Drone  
  44  5:09  Drone x2  
  44  5:12  Roach  
  48  5:21  Roach x3  
  54  5:23  Overseer  
  54  5:34  Ravager  
  54  5:35  Ravager  
  56  5:37  Roach  
  56  5:41  Ravager x2  
  56  5:42  Ravager  
  61  6:18  Overlord x2  
  61  6:19  Overlord  
  61  6:24  Hatchery, Overseer  
  60  6:51  Roach x4  
  68  6:56  Roach x5  
  68  6:57  Roach x2  
  82  7:03  Extractor  
  82  7:06  Roach  
  83  8:30  Overlord x5  
  83  8:48  Queen  
  82  9:26  Drone  
  83  9:41  Roach  
  83  9:42  Roach x2  
  89  9:47  Spire  
  88  9:54  Drone x3  
  59  11:43  Corruptor x2  
  59  11:44  Corruptor  
  59  11:46  Corruptor x3  
  59  11:47  Corruptor x6  
  59  11:48  Corruptor x3  
  59  11:53  Roach x2  
  87  12:06  Drone  
  87  12:07  Drone  
  89  12:09  Roach x3  
  89  12:12  Roach x2  
  99  12:22  Roach x2  
  103  12:31  Drone  
  103  12:35  Roach x3  
  110  12:38  Extractor  
  110  12:39  Extractor  
  110  12:40  Drone x2  
  80  14:17  Drone x2  
  80  14:19  Pneumatized Carapace  
  85  14:24  Roach x5  
  85  14:25  Roach x3  
  97  14:41  Roach x2  
  97  14:42  Roach x6  
  94  15:23  Roach x2  
  94  15:24  Roach x2  
  94  15:27  Roach x2  
  94  15:28  Roach x5  
  102  15:36  Glial Reconstitution  
  96  15:45  Hydralisk Den  
  87  15:51  Drone x2  
  87  15:53  Drone x3  
  85  16:31  Hatchery  
  84  16:47  Spore Crawler x3  
  84  16:50  Hydralisk x6  
  90  17:11  Hydralisk x2  
  90  17:12  Hydralisk x2  
  94  17:29  Hydralisk  
  96  17:31  Roach x2  
  76  17:44  Drone  
  76  17:45  Queen  
  79  18:19  Drone  
  80  18:20  Extractor  
  80  18:24  Extractor  
  78  18:29  Queen  
  78  18:31  Hydralisk x3  
  78  18:34  Grooved Spines  
  86  18:36  Zerg Missile Weapons Level 1  
  86  18:38  Hydralisk  
  88  18:54  Hatchery  
  87  18:59  Hatchery  
  86  19:45  Muscular Augments  
  84  20:03  Hydralisk  
  84  20:04  Hydralisk x7  
  84  20:05  Hydralisk  
  102  20:13  Drone  
  103  20:14  Queen  
  103  20:17  Drone  
  103  20:18  Drone  
  107  20:30  Zerg Ground Armor Level 1  
  69  22:16  Hydralisk  
  69  22:17  Hydralisk x2  
  69  22:20  Hydralisk x3  
  81  22:23  Hydralisk x3  
  81  22:25  Hydralisk  
  81  22:26  Hydralisk x6  
  81  22:27  Hydralisk x7  
  81  22:28  Hydralisk  
  117  22:31  Overlord x6  
  117  22:50  Hydralisk x2  
  121  22:53  Hydralisk x2  
  121  22:56  Hydralisk x4  
  121  22:57  Hydralisk  
Show
View Real Time Build Order
Export as new Build Order

Negrito Protoss 

Build Orders:  

Get SALT Encoding   

  12  0:03  Probe (Chrono Boost)  
  14  0:22  Probe (Chrono Boost)  
  14  0:25  Pylon  
  14  0:27  Probe (Chrono Boost)  
  15  0:51  Probe  
  15  0:55  Forge  
  15  0:56  Assimilator  
  16  1:04  Probe  
  17  1:16  Probe  
  18  1:26  Pylon  
  18  1:31  Pylon  
  18  1:43  Probe  
  19  1:58  Gateway x2  
  19  2:06  Photon Cannon  
  19  2:17  Photon Cannon  
  19  2:37  Nexus  
  19  2:49  Zealot  
  19  2:51  Zealot  
  23  3:04  Assimilator  
  23  3:15  Cybernetics Core  
  23  3:21  Protoss Ground Armor Level 1  
  23  3:25  Zealot  
  27  3:27  Zealot  
  27  3:29  Probe  
  28  3:41  Probe  
  29  3:59  Probe (Chrono Boost)  
  29  4:00  Probe (Chrono Boost)  
  31  4:09  Probe (Chrono Boost)  
  33  4:10  Probe (Chrono Boost)  
  33  4:13  Probe (Chrono Boost)  
  33  4:15  Probe (Chrono Boost)  
  35  4:22  Warp Gate  
  35  4:23  Probe  
  36  4:26  Probe  
  37  4:32  Zealot  
  37  4:33  Zealot  
  41  4:49  Probe  
  41  4:51  Pylon  
  42  4:53  Pylon  
  42  4:54  Probe  
  43  5:01  Probe  
  43  5:06  Probe  
  45  5:13  Probe  
  46  5:18  Probe  
  47  5:27  Nexus  
  47  5:29  Assimilator  
  47  5:30  Probe  
  48  5:36  Twilight Council  
  48  5:41  Stargate  
  48  5:44  Robotics Facility  
  48  5:46  Robotics Facility  
  48  5:48  Gateway  
  48  5:57  Probe  
  48  5:58  Gateway  
  48  5:59  Probe  
  50  6:05  Assimilator  
  50  6:10  Protoss Ground Weapons Level 1  
  50  6:11  Probe  
  51  6:22  Templar Archives  
  51  7:02  Stalker x2  
  51  7:03  Stalker x2  
  51  7:08  Probe (Chrono Boost)  
  60  7:18  Probe (Chrono Boost)  
  61  7:23  Probe (Chrono Boost)  
  50  7:43  High Templar x2  
  52  7:52  Assimilator  
  50  8:42  High Templar x3  
  56  8:50  Probe  
  57  8:57  Nexus  
  57  9:00  Assimilator  
  57  9:02  Probe  
  58  9:06  Assimilator  
  58  9:08  Pylon  
  58  9:10  Pylon  
  58  9:11  Zealot  
  58  9:12  Pylon  
  58  9:14  Pylon, Probe  
  58  9:16  Pylon, Zealot x3  
  67  9:39  Stalker  
  67  9:40  Stalker x3  
  75  10:02  Archon  
  65  10:24  Archon  
  59  10:41  Photon Cannon  
  59  10:42  Photon Cannon  
  59  10:43  Stalker x3  
  59  10:44  Stalker, Photon Cannon  
  59  10:46  Photon Cannon  
  66  10:57  Probe (Chrono Boost)  
  66  11:07  Stalker  
  66  11:08  Stalker x3, Probe (Chrono Boost)  
  75  11:12  Probe (Chrono Boost)  
  75  11:18  Immortal  
  80  11:20  Immortal  
  80  11:23  Probe  
  85  11:28  Robotics Bay  
  85  11:35  Probe (Chrono Boost)  
  86  11:44  Stalker x3  
  86  11:45  Stalker, Probe (Chrono Boost)  
  95  11:50  Probe (Chrono Boost)  
  96  11:57  Immortal  
  96  11:59  Immortal  
  104  12:02  Probe  
  105  12:14  Probe  
  106  12:22  Adept x4  
  112  12:26  Probe  
  112  12:28  Protoss Ground Weapons Level 2  
  115  12:38  Probe  
  115  12:39  Immortal  
  120  12:50  Probe  
  121  13:02  Probe  
  121  13:03  Nexus  
  121  13:05  Pylon  
  122  13:07  Pylon  
  122  13:08  Pylon  
  122  13:11  Pylon  
  122  13:13  Pylon  
  122  13:14  Probe  
  122  13:16  Assimilator  
  123  13:20  Assimilator  
  123  13:22  Colossus  
  123  13:26  Probe  
  130  14:16  Colossus  
  136  14:27  High Templar x4  
  144  14:37  Probe (Chrono Boost)  
  145  14:48  Probe (Chrono Boost)  
  146  14:53  Probe (Chrono Boost)  
  147  15:02  Protoss Ground Armor Level 2  
  129  15:57  Nexus  
  129  16:00  Stalker x4  
  129  16:02  Photon Cannon  
  129  16:03  Photon Cannon  
  137  16:05  Observer  
  137  16:06  Photon Cannon  
  137  16:07  Colossus  
  137  16:08  Photon Cannon  
  137  16:09  Photon Cannon  
  144  16:14  Photon Cannon  
  144  16:15  Photon Cannon  
  144  16:26  Immortal  
  144  16:28  Charge  
  144  16:32  Extended Thermal Lance  
  148  16:36  Psionic Storm  
  148  17:01  Colossus  
  151  17:35  Protoss Shields Level 1  
  132  18:12  Gravitic Boosters  
  132  18:24  Nexus  
  132  18:27  Assimilator  
  132  18:32  Pylon  
  132  18:34  Pylon  
  132  18:36  Pylon  
  132  18:39  Pylon  
  132  18:41  Pylon  
  132  18:50  Probe  
  132  18:52  Immortal x2  
  141  18:56  Pylon  
  141  18:58  Pylon  
  141  19:00  Pylon  
  141  19:02  Pylon  
  141  19:04  Pylon  
  141  19:07  Pylon  
  141  19:11  Photon Cannon  
  141  19:12  Photon Cannon  
  141  19:14  Photon Cannon  
  141  19:16  Photon Cannon  
  141  19:17  Photon Cannon  
  141  19:19  Photon Cannon  
  141  19:21  Photon Cannon  
  141  19:22  Photon Cannon  
  141  19:24  Photon Cannon  
  149  19:31  Immortal x2  
  149  19:44  Protoss Ground Weapons Level 3  
  149  20:09  Probe  
  149  20:10  Immortal x2  
  158  20:21  Probe  
  159  20:34  Adept x2  
  159  20:35  Adept x2  
  149  21:02  Stalker x4  
  152  21:30  Stalker x3  
  152  21:31  Stalker  
  160  21:33  Colossus  
  160  21:36  Immortal  
  166  22:04  High Templar x3  
  166  22:05  High Templar  
  176  22:15  Immortal  
  176  22:27  Colossus  
  182  22:46  High Templar x4  
  182  22:49  Archon x2  
  190  22:54  Immortal  
  186  23:33  Stalker x2  
  186  23:34  Stalker x2  
Show
View Real Time Build Order
Export as new Build Order

trapitoriko Terran 

Build Orders: Mech 

Get SALT Encoding   

  12  0:12  Supply Depot  
  13  0:14  SCV  
  13  0:26  SCV  
  14  0:36  Barracks  
  14  0:40  SCV  
  15  0:52  SCV  
  16  1:04  SCV  
  17  1:37  SCV  
  18  1:41  Refinery  
  18  1:43  Command Center  
  18  1:49  SCV  
  19  1:56  Supply Depot  
  19  2:01  SCV  
  20  2:06  Marine  
  21  2:18  Supply Depot  
  21  2:24  Marine  
  21  2:27  Orbital Command  
  22  2:41  Marine  
  23  2:52  Refinery  
  23  2:53  SCV  
  24  3:01  SCV, Refinery  
  24  3:05  SCV  
  26  3:13  SCV  
  26  3:17  SCV  
  28  3:25  SCV  
  29  3:27  Factory  
  29  3:29  Barracks Tech Lab, SCV  
  30  3:38  SCV  
  31  3:50  SCV  
  32  3:58  SCV  
  33  4:09  Factory  
  33  4:20  SCV  
  34  4:31  Refinery  
  34  4:32  Siege Tank, SCV  
  38  4:38  Factory  
  38  4:44  SCV  
  39  4:47  Barracks Tech Lab  
  39  4:54  Factory Tech Lab  
  39  4:56  SCV  
  40  5:00  Armory  
  40  5:08  SCV  
  41  5:20  SCV  
  42  5:27  Siege Tank x2  
  48  5:32  SCV  
  48  5:35  Supply Depot  
  49  5:40  Siege Tank  
  52  5:44  SCV  
  53  5:57  Supply Depot, SCV  
  54  6:09  SCV  
  55  6:19  Supply Depot  
  55  6:21  SCV  
  56  6:33  SCV  
  55  6:43  Supply Depot  
  52  6:51  SCV  
  53  7:03  SCV  
  53  7:05  Supply Depot  
  54  7:13  Siege Tank x3  
  64  7:15  Terran Vehicle Weapons Level 1, SCV  
  64  7:18  Armory  
  64  7:27  Supply Depot, SCV  
  65  7:39  SCV  
  66  7:45  Siege Tank x3  
  68  8:17  Siege Tank x3  
  75  8:49  Siege Tank  
  78  9:05  Siege Tank x2  
  77  9:51  Cyclone x3  
  76  9:59  Mag-Field Accelerator  
  76  10:23  Cyclone x3  
  84  10:55  Cyclone  
  87  11:01  Cyclone  
  87  11:05  Cyclone  
  69  11:27  Cyclone  
  69  11:34  Cyclone  
  69  11:37  Cyclone  
  75  11:56  Command Center  
  75  11:59  Cyclone  
  78  12:06  Cyclone  
  81  12:09  Command Center, Cyclone  
  84  12:16  Terran Vehicle Weapons Level 2  
  84  12:22  Terran Vehicle And Ship Armor Level 1  
  84  12:32  Cyclone  
  87  12:46  Engineering Bay  
  87  12:49  Supply Depot  
  87  13:00  Refinery  
  87  13:02  Refinery  
  87  13:08  Cyclone  
  87  13:12  Supply Depot  
  90  13:14  Missile Turret  
  90  13:16  Missile Turret  
  90  13:18  Missile Turret  
  90  13:37  Supply Depot  
  90  13:59  Supply Depot  
  90  14:13  Cyclone x2  
  90  14:14  Cyclone  
  99  14:19  Orbital Command  
  99  14:21  Supply Depot  
  99  14:35  Terran Vehicle Weapons Level 3  
  99  14:45  Supply Depot, Cyclone  
  99  14:46  Cyclone x2  
  108  15:08  Supply Depot  
  106  15:17  Cyclone  
  106  15:18  Cyclone x2  
  108  15:31  Supply Depot  
  93  15:39  Terran Vehicle And Ship Armor Level 2  
  93  15:52  Thor x2  
  93  15:53  Thor  
  93  15:55  Supply Depot  
  111  16:07  SCV  
  112  16:19  SCV  
  113  16:31  SCV  
  114  16:34  Thor  
  114  16:35  Thor  
  123  16:44  SCV  
  113  16:56  SCV  
  60  17:39  Thor x3  
  78  18:21  Thor  
  78  18:22  Thor x2  
  96  18:49  Terran Vehicle And Ship Armor Level 3  
  96  18:55  Thor x2  
  96  18:56  Thor x8  
  96  19:04  Thor x2  
  96  19:05  Thor  
  108  19:49  Thor x2  
  60  20:54  Thor x3  
Tags
 
Add a new tag
Caveats
  • Supply blocks, unpowered buildings, or Contaminate may cause inaccurate times.
  • Supply counts are checked every 10 seconds.